General information
- name: BNet
- type: Ladder team game (AT/RT)
- host: Battle.net
- saver: APPLES.ORANGES.
map: GoldRush
- players: 8
- length: 52:15
- speed: Fast
- version: 1.26 W3XP
- replay type: Public
» download(329 KB)
Players
team 1 (loser)

»
2NPink1NStink (
orange | 111 APM | 5792 actions | 52:14)
9 Demon Hunter
3 Immolation
3 Evasion
1 Metamorphosis
2 Mana Burn
7 Keeper of the Grove
3 Entangling Roots
3 Thorns Aura
1 Tranquility
1 Priestess of the Moon
1 Trueshot Aura
» actions
| Assign group hotkey | 41 | |
| Build / train | 160 | |
| ESC pressed | 1 | |
| Enter build submenu | 59 | |
| Enter hero's abilities submenu | 17 | |
| Give item / drop item | 6 | |
| Remove unit from queue | 2 | |
| Right click | 1702 | |
| Select / deselect | 719 | |
| Select group hotkey | 2929 | |
| Use ability | 155 | |
5792 total
» units
| Wisp | 56 | |
| Archer | 21 | |
| Hippogryph | 27 | |
| Chimaera | 10 | |
| Huntress | 1 | |
| Glaive Thrower | 2 | |
117 total
» upgrades
| Strength of the Wild | 3 | |
| Reinforced Hides | 3 | |
| Hippogryph Taming | 1 | |
| Corrosive Breath | 1 | |
| Vorpal Blades | 1 | |
9 total
» buildings
| Altar of Elders | 2 | |
| Moon Well | 17 | |
| Ancient of War | 4 | |
| Ancient of Wonders | 3 | |
| Tree of Ages | 3 | |
| Tree of Life | 7 | |
| Hunter's Hall | 2 | |
| Ancient of Wind | 5 | |
| Tree of Eternity | 2 | |
| Chimaera Roost | 4 | |
| Ancient Protector | 12 | |
61 total
» build order
00:09 Altar of Elders
00:20 Moon Well
00:34 Ancient of War
01:44 Moon Well
02:07 Ancient of Wonders
02:47 Moon Well
03:39 Moon Well
04:01 Tree of Ages
04:33 Tree of Life
05:04 Hunter's Hall
06:31 Ancient of Wind
07:08 Moon Well
09:17 Tree of Eternity
09:26 Moon Well
12:22 Chimaera Roost
12:28 Chimaera Roost
12:35 Moon Well
12:38 Moon Well
15:21 Tree of Life
15:46 Ancient of Wind
20:33 Tree of Life
23:48 Tree of Life
26:27 Tree of Life
28:08 Hunter's Hall
28:13 Altar of Elders
28:16 Moon Well
28:39 Tree of Ages
29:12 Moon Well
30:25 Moon Well
30:31 Ancient of Wonders
30:57 Moon Well
31:13 Ancient of Wind
31:17 Ancient of Wind
31:20 Tree of Eternity
31:26 Moon Well
31:37 Ancient of War
32:00 Ancient Protector
32:10 Ancient Protector
32:14 Ancient Protector
32:28 Ancient Protector
33:10 Ancient Protector
33:24 Ancient Protector
33:27 Ancient Protector
33:27 Ancient Protector
35:57 Ancient Protector
36:32 Ancient of War
36:54 Ancient of War
39:53 Ancient of Wonders
40:16 Tree of Ages
40:35 Tree of Life
42:48 Moon Well
42:50 Moon Well
42:51 Moon Well
45:16 Moon Well
46:00 Tree of Eternity
47:12 Tree of Life
48:41 Ancient of Wind
50:33 Chimaera Roost
50:37 Chimaera Roost
51:01 Ancient Protector
51:04 Ancient Protector
51:07 Ancient Protector
» items
| Scroll of Protection | 2 | |
| Scroll of Town Portal | 3 | |
| Orb of Venom | 1 | |
| Potion of Healing | 1 | |
| Periapt of Vitality | 1 | |
8 total

»
yoperdi (
green | 33 APM | 1727 actions | 52:14)
8 Tauren Chieftain
3 War Stomp
3 Endurance Aura
1 Reincarnation
1 Shockwave
1 Blademaster
1 Wind Walk
» actions
| Assign group hotkey | 29 | |
| Basic commands | 45 | |
| Build / train | 97 | |
| ESC pressed | 11 | |
| Enter build submenu | 54 | |
| Enter hero's abilities submenu | 9 | |
| Give item / drop item | 2 | |
| Remove unit from queue | 3 | |
| Right click | 661 | |
| Select / deselect | 391 | |
| Select group hotkey | 279 | |
| Use ability | 145 | |
1727 total
» units
| Peon | 23 | |
| Grunt | 13 | |
| Raider | 17 | |
| Troll Batrider | 2 | |
55 total
» upgrades
| Pillage | 1 | |
| Melee Weapons | 3 | |
| Berserker Strength | 1 | |
| Armor | 4 | |
| Ensnare | 1 | |
| Liquid Fire | 1 | |
| Spiked Barricades | 1 | |
12 total
» buildings
| Orc Burrow | 14 | |
| Altar of Storms | 2 | |
| Barracks | 2 | |
| Voodoo Lounge | 2 | |
| War Mill | 2 | |
| Stronghold | 3 | |
| Watch Tower | 26 | |
| Great Hall | 5 | |
| Beastiary | 5 | |
| Fortress | 2 | |
63 total
» build order
00:29 Orc Burrow
00:46 Altar of Storms
01:00 Barracks
01:26 Orc Burrow
01:54 Orc Burrow
03:23 Orc Burrow
04:07 Voodoo Lounge
05:15 War Mill
05:50 Stronghold
06:57 Orc Burrow
07:01 Watch Tower
07:49 Great Hall
09:16 Watch Tower
09:41 Orc Burrow
10:53 Beastiary
11:01 Great Hall
12:32 Fortress
12:43 Beastiary
13:26 Watch Tower
13:27 Watch Tower
13:28 Watch Tower
13:30 Watch Tower
13:31 Watch Tower
17:05 Beastiary
19:37 Orc Burrow
19:39 Orc Burrow
19:40 Orc Burrow
20:50 Watch Tower
20:54 Watch Tower
22:01 Stronghold
24:35 Great Hall
27:00 Altar of Storms
27:03 Orc Burrow
27:09 Barracks
27:47 Stronghold
30:37 Beastiary
30:44 Beastiary
31:20 Fortress
33:26 Voodoo Lounge
33:30 War Mill
38:11 Orc Burrow
38:14 Orc Burrow
39:28 Watch Tower
39:29 Watch Tower
39:31 Watch Tower
39:32 Watch Tower
40:15 Orc Burrow
41:11 Orc Burrow
42:48 Great Hall
43:05 Watch Tower
43:09 Watch Tower
43:10 Watch Tower
44:45 Watch Tower
47:03 Watch Tower
47:07 Watch Tower
47:09 Watch Tower
47:09 Watch Tower
47:10 Watch Tower
47:43 Great Hall
48:28 Watch Tower
50:22 Watch Tower
50:24 Watch Tower
50:27 Watch Tower
» items
| Healing Salve | 2 | |
| Scroll of Town Portal | 6 | |
| Orb of Lightning | 1 | |
| Dust of Appearance | 1 | |
10 total

»
DankSeeds (
teal | 18 APM | 942 actions | 52:14)
8 Keeper of the Grove
3 Entangling Roots
3 Thorns Aura
1 Tranquility
1 Force of Nature
» actions
| Assign group hotkey | 12 | |
| Basic commands | 135 | |
| Build / train | 113 | |
| Enter build submenu | 46 | |
| Enter hero's abilities submenu | 8 | |
| Give item / drop item | 1 | |
| Right click | 42 | |
| Select / deselect | 400 | |
| Select group hotkey | 85 | |
| Use ability | 100 | |
942 total
» units
| Wisp | 40 | |
| Archer | 4 | |
| Huntress | 2 | |
| Dryad | 16 | |
| Druid of the Claw | 2 | |
| Hippogryph | 15 | |
79 total
» upgrades
| Abolish Magic | 1 | |
| Druid of the Claw Training | 3 | |
| Nature's Blessing | 1 | |
| Strength of the Wild | 3 | |
| Reinforced Hides | 3 | |
| Well Spring | 1 | |
| Mark of the Claw | 1 | |
| Ultravision | 1 | |
| Strength of the Moon | 1 | |
| Moon Armor | 1 | |
16 total
» buildings
| Moon Well | 14 | |
| Altar of Elders | 3 | |
| Ancient of War | 1 | |
| Hunter's Hall | 2 | |
| Tree of Ages | 2 | |
| Ancient of Wonders | 1 | |
| Ancient of Lore | 5 | |
| Tree of Life | 4 | |
| Tree of Eternity | 1 | |
| Ancient Protector | 7 | |
| Ancient of Wind | 4 | |
44 total
» build order
00:26 Moon Well
00:39 Altar of Elders
01:00 Ancient of War
02:12 Moon Well
03:29 Hunter's Hall
03:33 Tree of Ages
04:34 Moon Well
05:05 Ancient of Wonders
05:35 Moon Well
05:56 Ancient of Lore
06:57 Tree of Life
07:17 Ancient of Lore
07:22 Moon Well
07:38 Tree of Eternity
08:44 Moon Well
08:58 Ancient Protector
09:03 Ancient Protector
09:37 Ancient Protector
10:14 Ancient Protector
12:58 Ancient Protector
13:02 Ancient Protector
16:16 Ancient of Wind
16:20 Ancient of Wind
18:34 Ancient of Wind
18:39 Ancient of Wind
23:32 Tree of Life
37:18 Tree of Life
37:37 Moon Well
40:30 Moon Well
41:06 Altar of Elders
41:20 Tree of Ages
41:59 Hunter's Hall
44:50 Moon Well
45:08 Tree of Life
45:18 Altar of Elders
45:55 Ancient of Lore
45:58 Ancient of Lore
46:11 Ancient of Lore
47:33 Moon Well
48:01 Ancient Protector
48:46 Moon Well
50:00 Moon Well
51:00 Moon Well
51:49 Moon Well
» items
| Scroll of Town Portal | 3 | |
| Orb of Venom | 1 | |
| Potion of Healing | 2 | |
6 total

»
ZhuGeLiang (
pink | 53 APM | 2747 actions | 52:14)
7 Blademaster
3 Wind Walk
3 Critical Strike
1 Bladestorm
1 Shadow Hunter
1 Healing Wave
» actions
| Assign group hotkey | 13 | |
| Build / train | 60 | |
| Enter build submenu | 23 | |
| Enter hero's abilities submenu | 8 | |
| Right click | 1306 | |
| Select / deselect | 263 | |
| Select group hotkey | 986 | |
| Use ability | 88 | |
2747 total
» units
| Peon | 16 | |
| Grunt | 4 | |
| Wind Rider | 3 | |
| Troll Batrider | 9 | |
| Troll Headhunter/Berserker | 2 | |
34 total
» upgrades
| Ranged Weapons | 2 | |
| Shaman Training | 2 | |
4 total
» buildings
| Altar of Storms | 2 | |
| Orc Burrow | 7 | |
| War Mill | 1 | |
| Barracks | 1 | |
| Voodoo Lounge | 1 | |
| Watch Tower | 5 | |
| Stronghold | 1 | |
| Beastiary | 2 | |
| Great Hall | 1 | |
| Spirit Lodge | 1 | |
| Fortress | 1 | |
23 total
» build order
00:21 Altar of Storms
00:36 Orc Burrow
01:07 War Mill
01:23 Barracks
01:39 Orc Burrow
02:16 Voodoo Lounge
03:00 Watch Tower
03:03 Watch Tower
04:08 Stronghold
05:01 Orc Burrow
05:15 Orc Burrow
05:48 Watch Tower
06:35 Beastiary
06:38 Beastiary
07:05 Great Hall
07:08 Watch Tower
08:24 Spirit Lodge
09:37 Fortress
14:37 Orc Burrow
14:41 Orc Burrow
15:04 Orc Burrow
15:32 Watch Tower
18:15 Altar of Storms
» items
| Healing Salve | 1 | |
| Lesser Clarity Potion | 2 | |
| Scroll of Speed | 2 | |
| Scroll of Town Portal | 2 | |
| Orb of Lightning | 1 | |
| Boots of Speed | 1 | |
| Staff of Teleportation | 1 | |
10 total
team 2 (winner)
stillsearching (
yellow | 40 APM | 1748 actions | 43:35)
6 Demon Hunter
3 Mana Burn
2 Evasion
1 Metamorphosis
2 Keeper of the Grove
1 Entangling Roots
1 Thorns Aura
» actions
| Assign group hotkey | 69 | |
| Basic commands | 43 | |
| Build / train | 152 | |
| Enter build submenu | 49 | |
| Enter hero's abilities submenu | 8 | |
| Give item / drop item | 4 | |
| Remove unit from queue | 2 | |
| Right click | 685 | |
| Select / deselect | 568 | |
| Select group hotkey | 60 | |
| Use ability | 108 | |
1748 total
» units
| Wisp | 69 | |
| Huntress | 6 | |
| Chimaera | 10 | |
| Hippogryph | 27 | |
| Dryad | 4 | |
| Druid of the Claw | 6 | |
122 total
» upgrades
| Corrosive Breath | 1 | |
| Abolish Magic | 1 | |
| Druid of the Claw Training | 2 | |
4 total
» buildings
| Altar of Elders | 2 | |
| Moon Well | 12 | |
| Hunter's Hall | 2 | |
| Ancient of War | 2 | |
| Tree of Ages | 2 | |
| Tree of Life | 6 | |
| Tree of Eternity | 2 | |
| Ancient of Wonders | 2 | |
| Ancient of Wind | 5 | |
| Chimaera Roost | 2 | |
| Ancient Protector | 6 | |
| Ancient of Lore | 3 | |
46 total
» build order
00:23 Altar of Elders
00:25 Moon Well
01:37 Hunter's Hall
01:59 Ancient of War
02:13 Moon Well
02:33 Ancient of War
03:07 Moon Well
04:24 Tree of Ages
05:20 Tree of Life
06:51 Tree of Eternity
06:54 Ancient of Wonders
07:27 Ancient of Wind
09:16 Chimaera Roost
09:27 Chimaera Roost
11:13 Moon Well
12:18 Moon Well
12:24 Moon Well
14:37 Ancient of Wind
16:48 Moon Well
18:32 Tree of Life
19:33 Tree of Life
19:42 Ancient Protector
20:14 Ancient Protector
20:16 Ancient Protector
25:30 Altar of Elders
25:33 Tree of Ages
25:37 Moon Well
27:18 Ancient Protector
27:49 Hunter's Hall
28:12 Ancient of Wind
28:32 Tree of Life
28:40 Ancient of Wind
28:58 Ancient of Wind
29:11 Ancient of Lore
29:53 Ancient of Wonders
30:04 Tree of Life
30:24 Moon Well
30:27 Moon Well
30:39 Moon Well
30:40 Moon Well
30:59 Ancient Protector
31:27 Ancient Protector
35:38 Tree of Life
38:27 Ancient of Lore
39:01 Ancient of Lore
39:04 Tree of Eternity
» items
| Scroll of Town Portal | 7 | |
| Moonstone | 1 | |
| Scroll of Regeneration | 1 | |
| Dust of Appearance | 1 | |
10 total
swp51 (
purple | 43 APM | 1842 actions | 42:59)
8 Warden
3 Fan of Knives
3 Blink
1 Shadow Strike
1 Spirit of Vengeance
» actions
| Assign group hotkey | 26 | |
| Basic commands | 156 | |
| Build / train | 193 | |
| ESC pressed | 3 | |
| Enter build submenu | 48 | |
| Enter hero's abilities submenu | 8 | |
| Give item / drop item | 2 | |
| Remove unit from queue | 4 | |
| Right click | 470 | |
| Select / deselect | 495 | |
| Select group hotkey | 279 | |
| Use ability | 158 | |
1842 total
» units
| Wisp | 64 | |
| Archer | 38 | |
| Huntress | 1 | |
| Druid of the Talon | 21 | |
| Dryad | 17 | |
| Chimaera | 7 | |
| Hippogryph | 5 | |
| Mountain Giant | 1 | |
154 total
» upgrades
| Strength of the Moon | 3 | |
| Moon Armor | 2 | |
| Druid of the Talon Training | 2 | |
| Improved Bows | 1 | |
| Abolish Magic | 1 | |
| Mark of the Talon | 1 | |
| Marksmanship | 1 | |
| Corrosive Breath | 1 | |
12 total
» buildings
| Ancient of War | 3 | |
| Moon Well | 9 | |
| Altar of Elders | 1 | |
| Hunter's Hall | 1 | |
| Ancient of Wonders | 1 | |
| Tree of Ages | 1 | |
| Tree of Life | 7 | |
| Ancient of Wind | 2 | |
| Ancient of Lore | 2 | |
| Ancient Protector | 18 | |
| Tree of Eternity | 1 | |
| Chimaera Roost | 2 | |
48 total
» build order
00:12 Ancient of War
00:35 Moon Well
01:06 Altar of Elders
01:23 Moon Well
02:30 Moon Well
02:56 Hunter's Hall
03:30 Ancient of Wonders
04:23 Tree of Ages
04:42 Tree of Life
04:58 Moon Well
06:54 Ancient of Wind
07:45 Ancient of Lore
09:02 Ancient Protector
09:55 Tree of Eternity
12:14 Tree of Life
12:19 Tree of Life
12:26 Chimaera Roost
12:28 Chimaera Roost
12:36 Moon Well
26:23 Ancient of War
26:26 Ancient of War
26:48 Ancient Protector
26:50 Ancient Protector
26:51 Ancient Protector
26:53 Ancient Protector
26:55 Ancient Protector
27:31 Ancient Protector
27:33 Ancient Protector
27:36 Ancient Protector
27:40 Ancient Protector
27:51 Moon Well
27:54 Moon Well
28:23 Moon Well
28:26 Moon Well
28:39 Ancient Protector
28:44 Ancient Protector
28:47 Ancient Protector
30:31 Tree of Life
30:36 Tree of Life
30:43 Tree of Life
30:48 Tree of Life
33:36 Ancient Protector
33:41 Ancient Protector
33:47 Ancient Protector
36:32 Ancient Protector
37:44 Ancient of Wind
40:09 Ancient Protector
40:15 Ancient of Lore
» items
| Orb of Venom | 1 | |
| Scroll of Town Portal | 7 | |
| Boots of Speed | 1 | |
| Potion of Healing | 2 | |
| Moonstone | 1 | |
12 total
APPLES.ORANGES. (
red | 58 APM | 3009 actions | 52:15)
9 Goblin Tinker
3 Pocket Factory
3 Engineering Upgrade
1 Robo-Goblin
2 Cluster Rockets
» actions
| Assign group hotkey | 51 | |
| Basic commands | 220 | |
| Build / train | 104 | |
| Enter build submenu | 25 | |
| Enter hero's abilities submenu | 9 | |
| Give item / drop item | 9 | |
| Right click | 993 | |
| Select / deselect | 352 | |
| Select group hotkey | 1092 | |
| Use ability | 154 | |
3009 total
» units
| Peon | 25 | |
| Grunt | 3 | |
| Wind Rider | 25 | |
| Troll Batrider | 11 | |
64 total
» upgrades
| Ranged Weapons | 3 | |
| Armor | 3 | |
| Reinforced Defenses | 1 | |
| Liquid Fire | 1 | |
| Envenomed Spears | 1 | |
9 total
» buildings
| Altar of Storms | 1 | |
| Orc Burrow | 8 | |
| Barracks | 1 | |
| Voodoo Lounge | 1 | |
| Stronghold | 2 | |
| War Mill | 1 | |
| Great Hall | 5 | |
| Beastiary | 3 | |
| Fortress | 1 | |
| Watch Tower | 5 | |
| Tree of Life | 1 | |
29 total
» build order
00:19 Altar of Storms
00:27 Orc Burrow
00:49 Barracks
01:39 Orc Burrow
02:18 Voodoo Lounge
03:13 Stronghold
04:17 War Mill
04:52 Orc Burrow
05:22 Great Hall
05:53 Beastiary
06:38 Beastiary
07:23 Orc Burrow
07:51 Orc Burrow
08:18 Orc Burrow
08:41 Orc Burrow
08:52 Orc Burrow
09:31 Fortress
10:46 Watch Tower
10:47 Watch Tower
10:47 Watch Tower
11:34 Watch Tower
11:34 Watch Tower
13:13 Great Hall
18:53 Great Hall
23:17 Beastiary
30:32 Great Hall
32:01 Great Hall
51:54 Tree of Life
» items
| Healing Salve | 3 | |
| Potion of Lesser Invulnerability | 2 | |
| Potion of Invisibility | 2 | |
| Staff of Teleportation | 1 | |
| Lesser Clarity Potion | 1 | |
| Orb of Lightning | 1 | |
| Potion of Healing | 2 | |
| Scroll of Town Portal | 4 | |
| Dust of Appearance | 2 | |
18 total
vallyindaclub (
blue | 70 APM | 3660 actions | 52:14)
7 Mountain King
3 Storm Bolt
3 Thunder Clap
1 Avatar
4 Paladin
2 Holy Light
1 Divine Shield
1 Devotion Aura
4 Archmage
2 Brilliance Aura
2 Summon Water Elemental
» actions
| Assign group hotkey | 152 | |
| Basic commands | 59 | |
| Build / train | 152 | |
| Enter build submenu | 36 | |
| Enter hero's abilities submenu | 16 | |
| Give item / drop item | 6 | |
| Remove unit from queue | 3 | |
| Right click | 790 | |
| Select / deselect | 935 | |
| Select group hotkey | 1314 | |
| Use ability | 196 | |
3660 total
» units
| Peasant | 33 | |
| Footman | 9 | |
| Forest Troll Shadow Priest | 2 | |
| Ogre Mauler | 1 | |
| Gryphon Rider | 16 | |
| Knight | 4 | |
| Siege Engine | 13 | |
78 total
» upgrades
| Defend | 1 | |
| Masonry | 3 | |
| Lumber Harvesting | 2 | |
| Swords | 2 | |
| Storm Hammers | 1 | |
| Armor | 1 | |
| Animal War Training | 1 | |
| Gunpowder | 4 | |
| Plating | 3 | |
| Barrage | 1 | |
19 total
» buildings
| Farm | 12 | |
| Altar of Kings | 1 | |
| Barracks | 1 | |
| Scout Tower | 7 | |
| Arcane Tower | 2 | |
| Keep | 1 | |
| Lumber Mill | 2 | |
| Guard Tower | 5 | |
| Blacksmith | 1 | |
| Castle | 1 | |
| Gryphon Aviary | 1 | |
| Town Hall | 2 | |
| Arcane Vault | 1 | |
| Workshop | 2 | |
39 total
» build order
00:12 Farm
00:18 Altar of Kings
00:24 Barracks
00:54 Farm
01:44 Farm
01:57 Scout Tower
02:23 Farm
02:29 Arcane Tower
02:40 Scout Tower
03:05 Farm
03:12 Arcane Tower
03:40 Farm
03:45 Farm
03:54 Farm
04:45 Keep
05:09 Lumber Mill
05:17 Scout Tower
05:34 Scout Tower
05:50 Guard Tower
06:03 Blacksmith
06:06 Guard Tower
06:09 Scout Tower
07:21 Castle
07:22 Guard Tower
07:28 Gryphon Aviary
10:18 Town Hall
13:19 Scout Tower
14:29 Guard Tower
14:31 Scout Tower
15:14 Guard Tower
15:25 Arcane Vault
21:36 Town Hall
23:23 Workshop
23:43 Workshop
24:03 Lumber Mill
29:37 Farm
31:44 Farm
39:42 Farm
40:44 Farm
» items
| Dust of Appearance | 1 | |
| Potion of Lesser Invulnerability | 2 | |
| Scroll of Town Portal | 6 | |
| Potion of Healing | 6 | |
| Potion of Mana | 3 | |
| Scroll of Regeneration | 2 | |
| Lesser Clarity Potion | 3 | |
| Orb of Fire | 2 | |
25 total
Chat log
(00:46 / All) APPLES.ORANGES.: is it wrong for a 31 yr old guy to date a 20 yr old chick
(00:56 / All) DankSeeds: nah
(00:57 / Allies) stillsearching: hmm i think its close but doable
(00:59 / All) 2NPink1NStink: no
(01:03 / All) vallyindaclub: nope she is to old
(01:12 / All) APPLES.ORANGES.: what about 31 yr old chick with 20 yr old guy
(01:22 / All) vallyindaclub: discusting
(01:30 / All) 2NPink1NStink: the older the better the sweeter the juice
(01:31 / All) DankSeeds: only if he is her student
(02:10 / All) APPLES.ORANGES.: thank you for the advice, you guys are great friends
(02:22 / All) DankSeeds: double bag it
(02:25 / All) 2NPink1NStink: make sure you tap it
(03:45 / All) ZhuGeLiang: lolz
(04:03 / All) APPLES.ORANGES.: get off my dick man
(04:16 / All) ZhuGeLiang: like u have one lol
(04:26 / All) APPLES.ORANGES.: it does the job, final fantasy 13-2 chicks
(05:55 / Allies) APPLES.ORANGES.: wppd
(05:56 / Allies) APPLES.ORANGES.: wood
(06:18 / Allies) swp51: cc mid ?
(06:29 / Allies) APPLES.ORANGES.: this isn't market square
(08:11 / Allies) swp51: gj
(08:19 / Allies) swp51: inc
(10:43 / Allies) stillsearching: wood plz
(10:44 / Allies) stillsearching: 100
(11:51 / Allies) APPLES.ORANGES.: wood
(12:06 / Allies) stillsearching: blue wtf u doin
(12:28 / Allies) APPLES.ORANGES.: bleu let shit pink
(12:30 / Allies) APPLES.ORANGES.: i want robo
(12:35 / Allies) APPLES.ORANGES.: come niggas
(12:46 / Allies) stillsearching: wait up
(12:48 / Allies) stillsearching: im coin
(14:41 / All) DankSeeds: counter
(15:50 / Allies) stillsearching: tp now
(16:25 / All) DankSeeds: wood please
(16:30 / All) APPLES.ORANGES.: can u say raped
(17:05 / All) DankSeeds: wells please
(17:24 / All) APPLES.ORANGES.: i was gonna stab
(17:28 / All) APPLES.ORANGES.: but pink was being anigga
(17:41 / All) ZhuGeLiang: suck my cock bitchass loser
(17:45 / All) APPLES.ORANGES.: u
(17:51 / All) ZhuGeLiang: u just mad i bombed all ur shit
(18:10 / All) APPLES.ORANGES.: u didnt kill one unit of mine nigga
(18:24 / All) ZhuGeLiang: keep lying loser
(18:34 / All) APPLES.ORANGES.: somebdoy is mad i raped them
(18:34 / Allies) stillsearching: gimme gold plz
(18:52 / All) ZhuGeLiang: LOL it's ok son dont be mad i raped ur wyverns
(18:57 / All) ZhuGeLiang: u got pissed and u mass bats
(18:59 / All) ZhuGeLiang: LOLLOL
(19:10 / All) APPLES.ORANGES.: im on a new account but i enjoy owning 40% nabs like u
(19:27 / All) ZhuGeLiang: yea yea
(19:48 / Allies) stillsearching: gold?
(19:48 / All) ZhuGeLiang: reason why you play 4v4 cuz u suck at 1v1 ha
(19:51 / All) APPLES.ORANGES.: u dont even know what a high ell account is, which i have many
(20:06 / Allies) stillsearching: gold plz purple
(20:09 / All) ZhuGeLiang: apparently you have NO LIFE LOL
(20:20 / Allies) stillsearching: ty
(20:22 / Allies) vallyindaclub: w
(20:52 / All) APPLES.ORANGES.: u were intent on killing me all game and didnt get one unit or peon
(20:53 / Allies) APPLES.ORANGES.: sad
(20:58 / All) APPLES.ORANGES.: sad
(21:10 / All) ZhuGeLiang: it's called harrassing
(21:13 / All) ZhuGeLiang: not killing
(21:17 / All) APPLES.ORANGES.: its called shitty harassing lawl
(21:22 / All) ZhuGeLiang: i raped all ur wyverns dont be mad son
(21:27 / All) DankSeeds: meet
(21:39 / All) APPLES.ORANGES.: those wyverns would have killed teammates, that is ur fault u clown
(21:42 / All) ZhuGeLiang: a harrass is a harrass dont matter
(21:50 / All) stillsearching: we still here pink
(21:55 / All) stillsearching: dont u got better shit to do
(22:08 / All) ZhuGeLiang: uhh
(22:14 / All) ZhuGeLiang: my base is gone thx to ur incompetency
(22:21 / All) stillsearching: can u leave
(22:24 / All) APPLES.ORANGES.: if u didnt hit me moron i would have killed myteam
(22:31 / All) ZhuGeLiang: nah it's fine
(22:36 / All) ZhuGeLiang: it's fun watch red gettin mad
(23:34 / Allies) swp51: dont slow down
(24:15 / Allies) swp51: b
(24:35 / Allies) stillsearching: tp if u have aa
(25:14 / All) DankSeeds: lol
(25:23 / All) APPLES.ORANGES.: i didnt even need to stab
(26:05 / Allies) stillsearching: ur making wyvs red?
(26:13 / Allies) stillsearching: no more chims
(26:15 / Allies) stillsearching: no more wyvs
(26:16 / Allies) stillsearching: aa only
(27:12 / All) DankSeeds: ty
(30:14 / All) APPLES.ORANGES.: rape lawl
(30:17 / Allies) swp51: lol
(30:30 / All) ZhuGeLiang: yea you can masturbate to that retard
(30:39 / All) ZhuGeLiang: i know that's something u do all day LOL
(31:24 / All) APPLES.ORANGES.: IVE BEEn playing with u pink
(32:29 / All) APPLES.ORANGES.: damn straight
(32:30 / All) APPLES.ORANGES.: u run
(32:39 / All) ZhuGeLiang: cant catch me
(33:50 / All) DankSeeds: ensnare tanks
(35:58 / All) swp51: wow gay
(36:01 / All) swp51: we have bser
(36:06 / All) 2NPink1NStink: :D
(36:10 / Allies) stillsearching: stop red u nerd
(36:15 / Allies) stillsearching: fuckin loser
(36:26 / All) ZhuGeLiang: red said at the start of the game he dates 20 year old men
(40:25 / Allies) stillsearching: red are u a complete nerd with nothing to do
(40:49 / All) stillsearching: red is bsing 30 mins in
(40:57 / All) APPLES.ORANGES.: raped lalw
(41:04 / All) stillsearching: bet hes a cocksucking loser sitting in his moms basement
(41:04 / Allies) swp51: they might you cause you violate the tos
(41:12 / Allies) swp51: enjoy buying another box
(41:38 / All) ZhuGeLiang: based on what he said he's 100% loser
(41:43 / All) APPLES.ORANGES.: im on ur team green
(42:25 / Allies) swp51: tanks for all the help blue
(43:08 / All) stillsearching: little boiys will never grow up
(43:12 / All) APPLES.ORANGES.: raped lawl
(43:28 / All) stillsearching: bet u suck ur dads dick as a child
(43:39 / All) 2NPink1NStink: gg
(44:09 / All) ZhuGeLiang: red relli is MAD LOL
(44:14 / All) APPLES.ORANGES.: this is a legnedary stab lawl
(44:34 / All) ZhuGeLiang: good i taught you well